Map: [ESL] Data-C

Players

NightMare

  • Race: Protoss Protoss
  • Spawn Location: 9:00

gumiho - Winner!

  • Race: Terran Terran
  • Spawn Location: 3:00

Event: HomeStory Cup XXII

VOD

Have the link to the VOD?

Description

Time

  • Played on: Dec. 15, 2022, 12:26 p.m.
  • Length: 9:36

All games in this series

Show
View Real Time Build Order
Export as new Build Order

NightMare Protoss 

Build Orders: 1 Gate Expand, Blink Stalkers, Chargelot Immortal 

Get SALT Encoding   

  12  0:00  Probe  
  13  0:12  Probe  
  14  0:18  Pylon  
  14  0:24  Probe (Chrono Boost)  
  15  0:36  Gateway, Probe (Chrono Boost)  
  16  0:44  Probe (Chrono Boost)  
  16  0:47  Assimilator  
  17  0:50  Probe  
  18  1:03  Probe  
  19  1:15  Probe  
  20  1:24  Cybernetics Core  
  20  1:34  Nexus  
  20  1:41  Pylon  
  20  1:46  Probe  
  21  1:52  Assimilator  
  21  1:58  Probe  
  21  1:59  Stalker (Chrono Boost)  
  21  2:04  Warp Gate  
  23  2:10  Probe  
  24  2:17  Shield Battery  
  24  2:22  Probe  
  25  2:26  Stalker  
  27  2:34  Probe  
  28  2:44  Twilight Council  
  28  2:46  Probe x2  
  32  2:58  Probe x2  
  32  3:06  Gateway  
  32  3:10  Probe x2  
  32  3:11  Blink (Chrono Boost)  
  34  3:22  Probe x2  
  36  3:34  Probe x2  
  38  3:45  Pylon  
  38  3:47  Probe x2  
  39  3:59  Nexus, Probe x2  
  41  4:03  Robotics Facility  
  41  4:08  Stalker  
  43  4:12  Probe x2  
  43  4:16  Stalker  
  46  4:24  Probe  
  46  4:25  Probe  
  46  4:29  Pylon  
  48  4:33  Stalker  
  48  4:36  Gateway  
  50  4:38  Probe x2  
  50  4:42  Shield Battery  
  52  4:51  Observer, Probe  
  52  4:52  Probe  
  54  5:03  Probe  
  54  5:04  Probe  
  54  5:06  Assimilator  
  54  5:07  Stalker x2  
  60  5:10  Assimilator  
  60  5:11  Probe  
  61  5:14  Pylon  
  61  5:17  Probe x2  
  64  5:22  Immortal (Chrono Boost)  
  64  5:24  Probe  
  68  5:33  Stalker x2  
  70  5:39  Stalker  
  72  5:45  Probe x2  
  73  5:57  Probe x3  
  74  6:01  Observer (Chrono Boost)  
  75  6:04  Stalker x3  
  75  6:09  Charge (Chrono Boost)  
  81  6:13  Pylon x2  
  81  6:14  Pylon  
  81  6:22  Observer  
  81  6:29  Immortal (Chrono Boost)  
  81  6:32  Gateway  
  85  6:33  Gateway  
  85  6:34  Pylon  
  85  6:36  Gateway  
  85  6:40  Probe x3  
  85  6:45  Sentry  
  90  6:48  Templar Archives  
  90  6:52  Probe x2  
  90  6:53  Probe  
  79  7:03  Stalker x2  
  79  7:04  Probe  
  79  7:05  Pylon  
  79  7:06  Probe  
  79  7:07  Probe  
  79  7:12  Gateway  
  79  7:13  Stalker  
  79  7:17  Probe  
  79  7:19  Probe  
  81  7:28  Shield Battery, High Templar  
  81  7:29  Zealot x2, High Templar  
  89  7:33  Archon  
  89  7:38  Zealot  
  89  7:39  Zealot  
  89  7:40  Immortal (Chrono Boost)  
  89  7:42  Gateway  
  89  7:43  Gateway  
  97  7:52  Zealot x2  
  97  7:56  Nexus  
  101  8:01  Sentry x2  
  101  8:02  Zealot x2  
  107  8:06  Immortal (Chrono Boost)  
  111  8:15  Zealot x3  
  83  8:27  Sentry  
  83  8:28  Zealot x3  
  83  8:32  Immortal (Chrono Boost)  
  75  8:41  Zealot x2  
  75  8:42  Stalker x3  
  75  8:46  Stalker  
  77  8:55  Zealot x3  
  81  8:58  Probe x3  
  78  9:06  Zealot x5  
  78  9:07  Zealot  
Show
View Real Time Build Order
Export as new Build Order

gumiho Terran - Winner!

Build Orders:  

Get SALT Encoding   

  12  0:00  SCV  
  13  0:12  SCV  
  14  0:17  Supply Depot  
  14  0:24  SCV  
  15  0:38  SCV  
  15  0:40  Barracks  
  16  0:50  SCV  
  17  1:02  SCV  
  18  1:04  Refinery  
  18  1:14  SCV  
  19  1:22  Supply Depot  
  19  1:26  Marine  
  19  1:27  Orbital Command  
  20  1:44  Marine  
  21  1:51  Command Center  
  21  1:53  SCV  
  22  2:02  Marine  
  22  2:05  SCV  
  22  2:07  Factory  
  24  2:17  SCV  
  24  2:19  Refinery  
  24  2:20  Marine  
  26  2:29  SCV  
  27  2:37  Bunker  
  27  2:38  Barracks Reactor  
  27  2:41  SCV  
  30  2:51  Hellion  
  30  2:53  SCV, Starport  
  31  3:02  Orbital Command  
  31  3:06  SCV  
  31  3:07  Barracks  
  34  3:13  Widow Mine  
  34  3:15  Marine  
  34  3:17  Marine  
  34  3:19  SCV  
  37  3:25  Supply Depot  
  37  3:28  SCV  
  37  3:31  SCV  
  41  3:34  Widow Mine  
  41  3:38  Medivac  
  41  3:40  SCV  
  44  3:43  SCV  
  44  3:44  Marine  
  44  3:46  Marine  
  47  3:50  Supply Depot  
  47  3:55  Barracks Tech Lab  
  47  3:56  SCV x2  
  47  3:57  Factory Tech Lab  
  47  4:02  Marine  
  49  4:04  Supply Depot, Marine  
  49  4:08  SCV x2  
  53  4:13  Stimpack  
  53  4:17  Siege Tank  
  56  4:19  Supply Depot  
  56  4:21  Marine  
  56  4:22  Marine  
  58  4:24  Marine  
  58  4:26  SCV x2  
  58  4:30  Engineering Bay  
  61  4:39  Medivac, Marine  
  61  4:40  Marine  
  61  4:42  Marine  
  66  4:49  SCV x2  
  66  4:51  Supply Depot  
  68  4:53  Siege Tank  
  68  4:57  Marine  
  68  4:58  Marine  
  71  5:00  Marine  
  71  5:04  SCV x2  
  74  5:07  Supply Depot  
  74  5:11  Starport Reactor  
  74  5:19  Command Center  
  74  5:23  SCV x2  
  76  5:30  Barracks  
  76  5:31  Barracks  
  76  5:35  SCV x2, Marine x2, Factory Reactor  
  78  5:36  Marine  
  79  5:47  SCV x2  
  79  5:48  Terran Infantry Weapons Level 1  
  80  5:51  Barracks, Refinery  
  80  5:52  Refinery  
  78  5:57  Marine x2  
  79  6:04  SCV  
  79  6:05  SCV  
  79  6:10  Supply Depot, Marauder  
  83  6:11  Supply Depot  
  83  6:12  Widow Mine  
  83  6:14  Widow Mine  
  83  6:15  Marine x2  
  83  6:16  Combat Shield  
  88  6:28  Marauder  
  88  6:30  SCV x2  
  88  6:32  Orbital Command  
  90  6:33  Marine  
  90  6:34  Marauder, Marine  
  90  6:39  Barracks Reactor, Barracks Tech Lab  
  94  6:42  SCV x2  
  96  6:50  Supply Depot  
  96  6:51  Marauder  
  98  6:54  SCV x2  
  92  7:02  Marauder x2, Marine x2  
  92  7:04  Widow Mine x2  
  92  7:07  SCV x2  
  104  7:09  SCV  
  104  7:12  Medivac  
  104  7:14  Medivac  
  109  7:19  SCV  
  109  7:20  Marine x4  
  114  7:24  Refinery  
  114  7:26  Refinery  
  114  7:27  Supply Depot  
  114  7:28  SCV, Armory  
  114  7:29  SCV  
  116  7:31  Marauder  
  116  7:33  Widow Mine  
  116  7:34  Widow Mine  
  122  7:37  SCV  
  122  7:40  SCV  
  122  7:41  SCV  
  122  7:42  Terran Infantry Armor Level 1  
  122  7:43  Engineering Bay  
  125  7:46  Supply Depot, Medivac  
  125  7:47  Medivac  
  125  7:51  Marauder x2, Marine  
  131  8:02  Marauder, Marine  
  133  8:12  Marauder  
  130  8:14  Marauder, Marine x2  
  130  8:15  Marine  
  130  8:19  Medivac, Widow Mine x2  
  122  8:20  Marine  
  122  8:23  Marauder  
  114  8:27  SCV x2  
  114  8:29  SCV  
  114  8:32  Marine x2  
  114  8:33  Marine  
  114  8:34  Marauder  
  121  8:35  Marauder  
  121  8:38  Marine  
  121  8:39  SCV x2  
  121  8:40  Widow Mine x2  
  121  8:41  SCV  
  123  8:45  Marauder  
  119  8:50  Marine  
  119  8:54  Marine x2  
  119  8:55  Marauder  
  121  8:56  Marauder, Marine  
  121  9:00  SCV x2  
  126  9:06  Marine  
  126  9:07  Marine  
  126  9:12  Widow Mine x2, Marine x2  
  126  9:14  Marine  
  132  9:19  SCV x3  
Tags
 
Add a new tag
Caveats
  • Supply blocks, unpowered buildings, or Contaminate may cause inaccurate times.
  • Supply counts are checked every 10 seconds.